 Dungeon Crawl Stone Soup version 0.28.0-53-g5a82cb258f (webtiles) character file.

Game seed: 6431046036273377270

194 MisterFreud the Covert (level 5, -3/47 HPs)
             Began as a Gnoll Delver on June 21, 2022.
             Engulfed by a steam dragon's steam (11 damage)
             ... on level 5 of the Dungeon.
             The game lasted 00:00:54 (471 turns).

MisterFreud the Covert (Gnoll Delver)                Turns: 471, Time: 00:00:55

Health: -3/47      AC:  4    Str: 11    XL:     5   Next: 73%
Magic:  7/7        EV: 13    Int: 12    God:
Gold:   0          SH:  0    Dex: 13    Spells: 7/7 levels left

rFire   . . .      SeeInvis .   a - +0 short sword
rCold   . . .      Faith    .   (no shield)
rNeg    . . .      Spirit   .   b - +0 leather armour
rPois   .          Reflect  .   (no helmet)
rElec   .          Harm     .   h - +0 cloak
rCorr   .          Rampage  .   (no gloves)
Will    .....                   (no boots)
Stlth   ++++......              (no amulet)
HPRegen 0.15/turn               (no ring)
MPRegen 0.10/turn               (no ring)

@: no status effects
A: fangs 1, strong nose, distributed training
a: no special abilities


You were on level 5 of the Dungeon.
You visited 1 branch of the dungeon, and saw 1 of its levels.

Inventory:

Hand Weapons
 a - a +0 short sword (weapon)
Armour
 b - a +0 leather armour (worn)
 h - a +0 cloak (worn)
Wands
 g - a wand of digging (3)
Scrolls
 c - a scroll of fog
 d - a scroll of magic mapping
 e - a scroll of fear
 j - a scroll of enchant armour {unknown}
 k - a scroll of immolation {unknown}
Potions
 f - a potion of haste
 i - a potion of ambrosia {unknown}


   Skills:
 + Level 6.7 Fighting
 + Level 4.8 Short Blades
 + Level 1.6 Long Blades
 + Level 1.6 Axes
 + Level 1.6 Maces & Flails
 + Level 1.6 Polearms
 + Level 1.6 Staves
 + Level 1.6 Slings
 + Level 1.6 Bows
 + Level 1.6 Crossbows
 + Level 1.6 Throwing
 + Level 1.6 Armour
 + Level 4.8 Dodging
 + Level 9.7 Stealth
 + Level 1.6 Shields
 + Level 1.6 Unarmed Combat
 + Level 1.6 Spellcasting
 + Level 1.3 Conjurations
 + Level 1.3 Hexes
 + Level 1.3 Summonings
 + Level 1.3 Necromancy
 + Level 1.3 Translocations
 + Level 1.3 Transmutations
 + Level 1.3 Fire Magic
 + Level 1.3 Ice Magic
 + Level 1.3 Air Magic
 + Level 1.3 Earth Magic
 + Level 1.3 Poison Magic
 + Level 1.8 Invocations
 + Level 1.6 Evocations


You had 7 spell levels left.
You didn't know any spells.
Your spell library was empty.

Dungeon Overview and Level Annotations

Branches:
Dungeon (5/15)
 Temple: D:4-7

Altars:


Innate Abilities, Weirdness & Mutations

You have very sharp teeth.
Your uncanny sense of smell can sniff out nearby items.
Your experience applies equally to all skills.


Message History

You barely miss the adder zombie. Your bite misses the adder zombie.
The adder zombie is almost destroyed.
The adder zombie barely misses you.
You hit the adder zombie but do no damage.
The adder zombie is almost destroyed.
The adder zombie bites you.
You are too injured to fight recklessly!
You hit the adder zombie.
You destroy the adder zombie!
You are too injured to fight recklessly!
You see here a necrophage corpse.
HP restored.
j - a scroll labelled SUTTIS KEDDA An adder comes into view.
Found a scroll labelled NUPLIA KUDU.
An adder is nearby!
Found a stone staircase leading down.
The helpless adder fails to defend itself.
You impale the adder!!
You kill the adder!
Found 24 stones.
k - a scroll labelled NUPLIA KUDU You open the door.
Found a glowing giant spiked club.
There is an open door here.
Found a ring mail.
You see here a +8 giant spiked club.
A steam dragon comes into view.
A steam dragon is nearby!
An ice beast comes into view.
Found a Young Poisoner's Handbook.
The steam dragon bites you. The steam dragon claws you.
The steam dragon barely misses you. x2
The steam dragon breathes steam at you. The ball of steam hits you!
The steam dragon breathes steam at you. The ball of steam hits you!!
* * * LOW HITPOINT WARNING * * *
You are engulfed in a cloud of scalding steam.
You die...

##.........#..........#
.........###..........##
........)# #............
.........###.........(.#
.........+....>.....##.#
.[.......#######..#..#.###
.........# #§.##.#.#..
.........# #§....#.#.#
.........##### #@§##.#.#.#
.............###§§.....#.#
...:...........§§§##..##.#
..............##§)##..##.#######
##.########+#.##D..............#
#. #..^§§...##÷##.#####.#
#.#####...#.##.# #. ......#..#.#
. ##.........#


There were no monsters in sight!

Vanquished Creatures
  A necrophage (D:5)
  An ogre (D:5)
  An adder (D:5)
  An adder zombie (D:5)
  A dart slug (D:5)
  An orc (D:5)
6 creatures vanquished.

Notes
Turn   | Place    | Note
-------+----------+-------------------------------------------
     0 | D:5      | Reached skill level 9 in Stealth
     0 | D:5      | MisterFreud the Gnoll Delver began the quest for the Orb.
     0 | D:5      | Reached XP level 1. HP: 23/23 MP: 1/1
    50 | D:5      | Noticed an ogre
    53 | D:5      | Killed an ogre
    54 | D:5      | Reached skill level 1 in Long Blades
    54 | D:5      | Reached skill level 1 in Axes
    54 | D:5      | Reached skill level 1 in Maces & Flails
    54 | D:5      | Reached skill level 1 in Polearms
    54 | D:5      | Reached skill level 1 in Staves
    54 | D:5      | Reached skill level 1 in Slings
    54 | D:5      | Reached skill level 1 in Bows
    54 | D:5      | Reached skill level 1 in Crossbows
    54 | D:5      | Reached skill level 1 in Throwing
    54 | D:5      | Reached skill level 1 in Armour
    54 | D:5      | Reached skill level 1 in Shields
    54 | D:5      | Reached skill level 1 in Unarmed Combat
    54 | D:5      | Reached skill level 1 in Spellcasting
    54 | D:5      | Reached skill level 1 in Invocations
    54 | D:5      | Reached skill level 1 in Evocations
    54 | D:5      | Reached XP level 2. HP: 29/29 MP: 1/3
    54 | D:5      | Reached XP level 3. HP: 35/35 MP: 1/4
    54 | D:5      | Reached XP level 4. HP: 41/41 MP: 1/5
    58 | D:5      | Reached skill level 1 in Conjurations
    58 | D:5      | Reached skill level 1 in Hexes
    58 | D:5      | Reached skill level 1 in Summonings
    58 | D:5      | Reached skill level 1 in Necromancy
    58 | D:5      | Reached skill level 1 in Translocations
    58 | D:5      | Reached skill level 1 in Transmutations
    58 | D:5      | Reached skill level 1 in Fire Magic
    58 | D:5      | Reached skill level 1 in Ice Magic
    58 | D:5      | Reached skill level 1 in Air Magic
    58 | D:5      | Reached skill level 1 in Earth Magic
    58 | D:5      | Reached skill level 1 in Poison Magic
   211 | D:5      | Noticed a necrophage
   240 | D:5      | Killed a necrophage
   241 | D:5      | Reached XP level 5. HP: 26/47 MP: 5/7
   450 | D:5      | Noticed a steam dragon
   452 | D:5      | Noticed an ice beast
   471 | D:5      | Engulfed by a steam dragon's steam

Illustrated notes

Levels and vault maps discovered:
D:5:      kennysheep_slugbush, layout_basic, chequers_serial_rivers_micro_d

Skill      XL: |  1  2  3  4 |
---------------+-------------+-----
Stealth        | |  9.7
Long Blades    | 1 |  1.6
Axes           | 1 |  1.6
Maces & Flails | 1 |  1.6
Polearms       | 1 |  1.6
Staves         | 1 |  1.6
Slings         | 1 |  1.6
Bows           | 1 |  1.6
Crossbows      | 1 |  1.6
Throwing       | 1 |  1.6
Armour         | 1 |  1.6
Shields        | 1 |  1.6
Unarmed Combat | 1 |  1.6
Spellcasting   | 1 |  1.6
Invocations    | 1 |  1.8
Evocations     | 1 |  1.6
Conjurations   | 1 |  1.3
Hexes          | 1 |  1.3
Summonings     | 1 |  1.3
Necromancy     | 1 |  1.3
Translocations | 1 |  1.3
Transmutations | 1 |  1.3
Fire Magic     | 1 |  1.3
Ice Magic      | 1 |  1.3
Air Magic      | 1 |  1.3
Earth Magic    | 1 |  1.3
Poison Magic   | 1 |  1.3
Fighting       | |  6.7
Short Blades   | |  4.8
Dodging        | |  4.8

Action                   |  1- 3 |  4- 6 || total
-------------------------+-------+-------++-------
Melee: Short sword       |     1 |    38 ||    39
       Bite              |       |     3 ||     3
       Punch             |       |     2 ||     2
 Stab: Sleeping          |     1 |     2 ||     3
Armor: Leather armour    |       |     5 ||     5
Dodge: Dodged            |       |    14 ||    14
